 Dungeon Crawl Stone Soup version 0.20-a0-656-g9b0dcd9 (webtiles) character file.

64 Chiseanne the Ducker (level 3, 0/19 HPs)
             Began as a Spriggan Gladiator on Feb 16, 2017.
             Slain by a bat (1 damage)
             ... on level 3 of the Dungeon.
             The game lasted 00:02:40 (1807 turns).

Chiseanne the Ducker (Spriggan Gladiator)           Turns: 1807, Time: 00:02:41

Health: 0/19       AC:  2    Str: 10    XL:     3   Next: 91%
Magic:  4/4        EV: 21    Int:  9    God:
Gold:   149        SH:  0    Dex: 18    Spells: 2/2 levels left

rFire    . . .     SeeInvis +   a - +1 long sword
rCold    . . .     Gourm    .   b - +0 robe
rNeg     . . .     Faith    .   (shield restricted)
rPois    .         Spirit   .   c - +0 hat
rElec    .         Reflect  .   (no cloak)
rCorr    .         Harm     .   (gloves unavailable)
MR       .....     Rnd*Tele +   (boots unavailable)
Stlth    ++........             (no amulet)
Regen    0.1/turn               (no ring)
MPRegen  0.1/turn               n - ring of teleportation (curse)

@: very quick
A: unfitting armour, see invisible, herbivore 3, speed 3, slow metabolism 2
a: no special abilities


You were on level 3 of the Dungeon.
You were not hungry.

You visited 1 branch of the dungeon, and saw 3 of its levels.

You collected 149 gold pieces.

Inventory:

Hand Weapons
 a - a +1 long sword (weapon)
Missiles
 d - 3 throwing nets (quivered)
 i - 22 arrows
 j - 58 stones
 q - 20 bolts
 v - 8 tomahawks
 y - 15 sling bullets
Armour
 b - a +0 robe (worn)
 c - a +0 hat (worn)
Jewellery
 n - a cursed ring of teleportation (left hand)
Scrolls
 k - a scroll of fear
 m - 2 scrolls of remove curse
 o - a scroll of identify
 p - a scroll of teleportation
Potions
 e - a potion of heal wounds
 g - a potion of might {unknown}
 h - a potion of lignification {unknown}
 l - 2 potions of magic
 r - a potion of resistance {unknown}
 t - a potion of agility {unknown}
 u - a potion of ambrosia {unknown}
Comestibles
 f - 4 bread rations
 s - 4 fruits


   Skills:
 * Level 2.9 Fighting
 - Level 2.4 Long Blades
 - Level 2.0 Throwing
 * Level 5.5 Dodging


You had 2 spell levels left.
You didn't know any spells.

Dungeon Overview and Level Annotations

Branches:
Dungeon (3/15)

Altars:
Vehumet
Zin


Innate Abilities, Weirdness & Mutations

You are very small and have problems with some larger weapons.
You are too small for most types of armour.
You have supernaturally acute eyesight. (SInv)
You are a herbivore.
You cover ground extremely quickly.
You need consume almost no food.


Message History

The bat closely misses you.
You riposte.
You closely miss the bat. The orc hits you with a dagger.
* * * LOW HITPOINT WARNING * * *
The orc closely misses you.
You riposte.
You hit the orc but do no damage.
The orc is heavily wounded.
You hit the orc but do no damage.
The orc is heavily wounded.
The bat hits you but does no damage. The orc hits you with a dagger.
* * * LOW HITPOINT WARNING * * *
You hit the orc.
You kill the orc!
The bat misses you.
You barely miss the bat. The bat hits you.
* * * LOW HITPOINT WARNING * * *
The bat hits you but does no damage.
You hit the bat.
The bat is heavily wounded.
The bat barely misses you. The bat hits you.
You die...

.
#........#####
... .
###.####.....##
#.# . #.#
#####..###..#
#. ##.#...####.
#. #...........
.. ###.######..
#...# ####...#
#...@..#
.....##b..#
......)..$.....
...#......#####
............
...###.......
.. ##...#.!.. #
#......[.
.........


You could see a bat.

Vanquished Creatures
  3 adders (D:2)
  A worm (D:2)
  2 dart slugs (D:2)
  A leopard gecko (D:2)
  An orc (D:3)
  A giant cockroach (D:2)
  3 hobgoblins (D:2)
  A quokka (D:2)
  7 bats
  A frilled lizard (D:1)
  3 goblins
  4 kobolds
  4 rats (D:2)
32 creatures vanquished.

Notes
Turn   | Place    | Note
-------+----------+-------------------------------------------
     0 | D:1      | Chiseanne the Spriggan Gladiator began the quest for the Orb.
     0 | D:1      | Reached XP level 1. HP: 10/10 MP: 2/2
   483 | D:2      | Reached XP level 2. HP: 10/15 MP: 3/3
   686 | D:2      | Reached skill level 5 in Dodging
   927 | D:2      | Reached XP level 3. HP: 19/19 MP: 4/4
  1474 | D:2      | Found a radiant altar of Vehumet.
  1649 | D:2      | Found a glowing silver altar of Zin.
  1807 | D:3      | Slain by a bat

Vault maps used:
D:1:      grunt_arrival_crossed_arrows
D:2:      nicolae_overflow_hidden_temple, nicolae_overflow_crystal_walls
D:3:      chequers_ecumenical_altar_simple

Skill      XL: |  1  2 |
---------------+-------+-----
Fighting       | 2 |  2.9
Dodging        | 5 |  5.5
Long Blades    | |  2.4
Throwing       | |  2.0

Action                   || total
-------------------------++-------
Melee: Long sword        ||    89
  Use: Scroll            ||    10
 Stab: Sleeping          ||     3
Armor: Robe              ||    10
Dodge: Dodged            ||   111
       Rpst.: Long sword ||    36
